Map: Frozen Temple

Players

MystiC

  • Race: Terran Terran
  • League: Master

Miszu - Winner!

  • Race: Terran Terran
  • League: Master

VOD

Have the link to the VOD?

Description

Time

  • Played on: May 2, 2016, 5:43 p.m.
  • Length: 5:47
Show
View Real Time Build Order
Export as new Build Order

MystiC Terran 

Build Orders:  

Get SALT Encoding   

  12  0:00  SCV  
  13  0:13  SCV  
  14  0:18  Supply Depot  
  14  0:25  SCV  
  15  0:39  SCV  
  15  0:40  Barracks  
  16  0:45  Refinery  
  16  0:51  SCV  
  17  1:00  Barracks  
  17  1:04  SCV  
  18  1:17  SCV  
  19  1:29  Orbital Command  
  19  1:30  Reaper  
  20  1:39  Supply Depot  
  20  1:47  Reaper  
  20  1:52  Refinery  
  21  1:56  SCV  
  22  2:05  Reaper  
  23  2:09  SCV  
  24  2:21  SCV  
  24  2:22  Reaper  
  26  2:30  Command Center  
  26  2:34  SCV  
  27  2:37  Supply Depot  
  27  2:44  Reaper  
  27  2:47  SCV  
  29  2:52  Factory  
  29  2:57  Barracks Reactor  
  29  2:59  SCV  
  30  3:11  SCV  
  31  3:21  Bunker  
  31  3:22  Barracks Tech Lab  
  31  3:23  SCV  
  31  3:25  Engineering Bay  
  32  3:35  SCV  
  32  3:36  Marine x2  
  32  3:37  Starport  
  32  3:38  Factory Tech Lab  
  35  3:46  Orbital Command  
  35  3:48  Marine  
  35  3:54  SCV  
  37  4:00  Marine  
  38  4:06  SCV  
  40  4:19  SCV  
  40  4:22  SCV  
  38  4:27  Marine  
  4  5:16  SCV  
  4  5:18  Marine  
Show
View Real Time Build Order
Export as new Build Order

Miszu Terran - Winner!

Build Orders: 1/1/1, Banshee Rush 

Get SALT Encoding   

  12  0:01  SCV  
  13  0:13  SCV  
  14  0:18  Supply Depot  
  14  0:25  SCV  
  15  0:39  SCV  
  15  0:40  Refinery  
  16  0:46  Barracks  
  16  0:56  SCV  
  17  0:57  Refinery  
  17  1:08  SCV  
  18  1:20  SCV  
  20  1:34  Factory, Orbital Command  
  19  1:41  Reaper  
  19  1:45  Supply Depot  
  20  2:00  SCV  
  21  2:12  SCV  
  21  2:13  Reaper  
  23  2:16  Supply Depot  
  23  2:18  Hellion  
  25  2:23  Starport  
  25  2:27  SCV  
  26  2:40  Hellion, SCV  
  29  2:45  Reaper  
  31  2:59  Medivac  
  32  3:10  Hellion  
  34  3:15  Command Center  
  34  3:18  Barracks Tech Lab  
  34  3:24  SCV  
  37  3:40  Cloaking Field  
  37  3:45  Barracks Reactor, Banshee  
  37  3:46  Factory Tech Lab  
  37  3:48  Supply Depot  
  38  3:52  SCV  
  35  4:04  SCV  
  32  4:13  Siege Tank  
  15  4:53  SCV  
  16  5:06  SCV  
  16  5:17  Marine  
  16  5:18  SCV  
  15  5:30  SCV  
Tags
 
Matchup
TvT
Opening
1/1/1
Race
Terran
Strategy
Banshee Rush
Add a new tag
Caveats
  • Supply blocks, unpowered buildings, or Contaminate may cause inaccurate times.
  • Supply counts are checked every 10 seconds.